 Dungeon Crawl Stone Soup version 0.17-a0-1646-geb1493d (webtiles) character file.

140 urechis the Magician (level 5, -3/28 HPs)
             Began as a Gargoyle Wizard on Aug 9, 2015.
             Slain by a hobgoblin
             ... wielding a +2 falchion of protection
              (4 damage)
             ... on level 3 of the Dungeon.
             The game lasted 00:04:15 (2290 turns).

urechis the Magician (Gargoyle Wizard)              Turns: 2290, Time: 00:04:16

Health: -3/28      AC:  9    Str: 11    XL:     5   Next: 22%
Magic:  11/11      EV: 11    Int: 19    God:
Gold:   69         SH:  0    Dex:  8    Spells: 1 memorised, 11 levels left

rFire  . . .     SeeInvis .     r - +0 rapier
rCold  + . .     Clarity  .     a - +0 robe
rNeg   + . .     SustAt   .     (no shield)
rPois  ∞         Gourm    .     f - +2 helmet
rElec  +         Spirit   .     (no cloak)
rCorr  .         Warding  .     (no gloves)
rMut   +         Stasis   .     (no boots)
MR     +....                    j - amulet of resist mutation
Stlth  ++........               g - ring of protection from magic
                                e - ring of protection from cold

@: somewhat resistant to hostile enchantments, unstealthy
A: negative energy resistance 1, electricity resistance, unbreathing,
petrification resistance, rot immunity, AC +4
a: no special abilities


You were on level 3 of the Dungeon.
You were hungry.

You visited 1 branch of the dungeon, and saw 3 of its levels.

You collected 69 gold pieces.

Inventory:

Hand weapons
 r - a +0 rapier (weapon)
Armour
 a - a +0 robe (worn)
 b - a +0 hat
 f - a +2 helmet (worn)
 p - a +0 buckler
Jewellery
 e - a ring of protection from cold (left hand)
 g - a ring of protection from magic (right hand)
 j - an amulet of resist mutation (around neck)
 l - an uncursed ring of protection from cold
Scrolls
 h - a scroll of identify {unknown}
 k - a scroll of teleportation {unknown}
 m - a scroll of recharging {unknown}
 o - a scroll of enchant weapon {unknown}
Potions
 i - a potion of poison {unknown}
Books
 c - a book of Minor Magic

   Spells                             Type                      Level
   a - Magic Dart                     Conjuration                  1
   b - Blink                          Translocation                2
   c - Call Imp                       Summoning                    2
   d - Repel Missiles                 Charms/Air                   2
   e - Slow                           Hexes                        2
   f - Conjure Flame                  Conjuration/Fire             3
   g - Mephitic Cloud                 Conjuration/Poison/Air       3
Comestibles
 d - 2 bread rations
 n - a beef jerky
 q - a royal jelly


   Skills:
 - Level 1.5 Dodging
 - Level 2.1 Stealth
 + Level 4.3 Spellcasting
 + Level 3.7 Conjurations
   Level 0.8 Summonings
   Level 0.8 Translocations


You had 11 spell levels left.
You knew the following spells:

 Your Spells              Type           Power        Failure   Level  Hunger
a - Magic Dart            Conj           ###.         3%          1    None


Dungeon Overview and Level Annotations

Branches:
Dungeon (3/15)

Altars:
Gozag
Makhleb
Trog


Innate Abilities, Weirdness & Mutations

You are resistant to torment.
Your stone body is resilient (AC +4).
You are immune to poison.
You resist negative energy.
You are resistant to electric shocks.
You can survive without breathing.
You are immune to petrification.
You are immune to rotting.


Message History

The hobgoblin hits you but does no damage.
The orc barely misses you.
You hit the hobgoblin but do no damage.
The hobgoblin is moderately wounded.
The hobgoblin completely misses you. The orc barely misses you.
You hit the hobgoblin but do no damage.
The hobgoblin is moderately wounded.
The hobgoblin hits you but does no damage.
The orc hits you with a falchion!
You closely miss the hobgoblin.
The hobgoblin is moderately wounded.
The hobgoblin closely misses you. The orc barely misses you.
The hobgoblin hits you with a falchion of protection.
You are feeling hungry.
You hit the hobgoblin but do no damage.
The hobgoblin is moderately wounded.
The orc hits you with a falchion!
* * * LOW HITPOINT WARNING * * *
The hobgoblin hits you with a falchion of protection.
You die...

.........'............)
#.......##...>.....)..#
##......###############
.#..........#
............#### ######
............'... ......
............#### ######
......g.....#
......o@....#
...../...####
.........# .........#
##########


You could see an orc and a hobgoblin.

Vanquished Creatures
  Ijyb (D:3)
  5 adders
  A worm (D:2)
  4 giant geckos (D:2)
  2 orcs (D:3)
  3 giant cockroaches
  3 goblins
  9 hobgoblins
  A jackal (D:2)
  12 kobolds
  A quokka (D:2)
  5 bats
  5 giant newts
  8 rats
60 creatures vanquished.

Notes
Turn   | Place    | Note
--------------------------------------------------------------
     0 | D:1      | urechis the Gargoyle Wizard began the quest for the Orb.
     0 | D:1      | Reached XP level 1. HP: 10/10 MP: 4/4
   212 | D:1      | Reached XP level 2. HP: 15/15 MP: 6/6
   912 | D:2      | Found an opulent altar of Gozag.
   998 | D:2      | Reached XP level 3. HP: 19/19 MP: 0/8
  1243 | D:2      | Reached XP level 4. HP: 24/24 MP: 1/9
  1461 | D:2      | Found a bloodstained altar of Trog.
  1463 | D:2      | Found a burning altar of Makhleb.
  2076 | D:3      | Reached skill level 4 in Spellcasting
  2131 | D:3      | Noticed Ijyb
  2166 | D:3      | Killed Ijyb
  2166 | D:3      | Reached XP level 5. HP: 14/28 MP: 4/11
  2290 | D:3      | HP: 1/28 [orc/falchion (12)]
  2290 | D:3      | Slain by a hobgoblin

Vault maps used:
D:1:      minmay_arrival_solitary_statue
D:2:      wad_river_or_something, grunt_temple_overflow_open,
          grunt_gozag_statues
D:3:      serial_curves, eino_curves_01, eino_curves_04, first_bread,
          okawaru_ov_weapons_minmay, uniq_iyjb, uniq_natasha

Action                   |  1- 3 |  4- 6 || total
-------------------------+-------+-------++-------
Melee: Unarmed           |     8 |       ||     8
       Dagger            |     3 |       ||     3
       Short sword       |    68 |    75 ||   143
       Rapier            |       |     6 ||     6
 Cast: Magic Dart        |    46 |    47 ||    93
 Stab: Sleeping          |     3 |     1 ||     4
  Eat: Chunk             |     1 |     3 ||     4
